AoeStats
← reeree

Arabia

504007749Analyzed
2v2 RM · 29d ago on Sep 3, 2026· 59m 35s· 4 players
Game mode
Random Map
Map size
Medium (4 player)
Population
200
Speed
Normal
Resources
Standard
Victory
Conquest
Starting age
Dark Age
Ending age
Imperial Age
RankedLock teamsTeams togetherTeam positionsShared explorationLock speedFull tech treeHidden civsTurbo modeCheats
Victory
Defeat
🇮🇶 Saracens · Iraq
1096
+15
🇦🇺 Teutons · Australia
1056
+17
🇦🇺 Armenians · Australia
1081
-16
🇦🇺 Khmer · Australia
1081
-16
reeree
5:34 Loom
10:17 Feudal Age
11:12 Man-at-Arms
11:38 Arson
12:15 Pikeman
12:18 Long Swordsman
12:48 Double-Bit Axe
14:44 Scale Mail Armor
14:57 Forging
16:50 Horse Collar
22:33 Pikeman
24:40 Pikeman
37:32 Wheelbarrow
41:08 Castle Age
39:22 Gold Mining
39:38 Stone Mining
42:24 Chain Mail Armor
41:33 Two-Handed Swordsman
42:15 Squires
42:01 Gambesons
43:02 Gold Shaft Mining
42:41 Bow Saw
43:37 Hand Cart
52:13 Iron Casting
52:07 Town Watch
54:48 Fletching
54:58 Padded Archer Armor
55:28 Bodkin Arrow
55:16 Crossbowman
58:49 Leather Archer Armor
mc394
11:31 Feudal Age
18:00 Loom
25:29 Castle Age
23:38 Horse Collar
24:22 Double-Bit Axe
24:44 Fletching
24:59 Padded Archer Armor
25:35 Crossbowman
26:12 Bodkin Arrow
30:25 Gold Mining
34:47 Gold Shaft Mining
35:32 Wheelbarrow
38:19 Hand Cart
38:51 Ballistics
39:59 Town Watch
44:22 Imperial Age
42:38 Stone Mining
43:04 Bow Saw
44:26 Arbalester
45:12 Bracer
45:29 Leather Archer Armor
46:21 Chemistry
46:44 Double Crossbow
48:35 Husbandry
48:52 Light Cavalry
49:43 Bloodlines
50:11 Scale Barding Armor
50:16 Forging
51:47 Tusk Swords
52:59 Chain Barding Armor
53:14 Iron Casting
53:04 Conscription
55:23 Plate Barding Armor
57:32 Hussar
aryaszahir958
5:58 Loom
9:16 Feudal Age
10:07 Horse Collar
10:40 Double-Bit Axe
21:37 Castle Age
22:32 Gold Mining
23:17 Husbandry
24:19 Scale Mail Armor
24:25 Scale Barding Armor
30:04 Gold Shaft Mining
30:45 Stone Mining
34:50 Heavy Plow
35:26 Fletching
35:37 Padded Archer Armor
35:53 Chain Mail Armor
37:47 Chain Barding Armor
38:03 Elite Skirmisher
38:41 Bodkin Arrow
39:01 Leather Archer Armor
42:42 Imperial Age
40:52 Wheelbarrow
41:27 Bloodlines
41:01 Light Cavalry
42:52 Hand Cart
43:08 Elite Mameluke
46:16 Crossbowman
47:01 Thumb Ring
47:26 Arbalester
49:54 Bracer
50:09 Leather Archer Armor
50:24 Plate Mail Armor
50:30 Plate Barding Armor
50:06 Forging
50:46 Heavy Camel Rider
53:17 Chemistry
52:40 Bow Saw
Sublimino_
3:17 Loom
10:01 Feudal Age
18:33 Horse Collar
19:37 Fletching
26:43 Castle Age
29:56 Wheelbarrow
29:06 Town Watch
34:59 Gold Mining
36:19 Heavy Plow
36:08 Double-Bit Axe
37:15 Forging
37:40 Bloodlines
40:42 Hand Cart
43:56 Imperial Age
44:09 Scale Barding Armor
44:40 Iron Casting
44:05 Cavalier
47:04 Chain Barding Armor
47:11 Bow Saw
47:42 Paladin
49:45 Two-Man Saw
49:01 Town Patrol
50:55 Chemistry
55:11 Pikeman
55:52 Squires
55:39 Arson
55:39 Gambesons
57:18 Blast Furnace
56:43 Stone Mining
59:08 Plate Barding Armor
Connection lost

Rejoining the realm…

Still unreachable

The connection could not be restored.

Session expired

The server has moved on; the page needs a fresh start.